cohdb
Replays
Latest Replays
All Replays
Popular Replays
Top Player Replays
Match Explorer
How It Works
Community
CoH3 Stats
Reddit
Sign in to upload your games and track your stats! →
Sign in with Steam
Match 41880290
Unlisted
Match 41880290
Overview
Messages
Build Orders
End
Engineer Squad
Engineer Squad
Selects Heavy Weapons
Engineer Squad
Construct Weapon Support Center
M1919 Machine Gun Team
M1919 Machine Gun Team
Bazooka Squad
Selects M2HB .50cal Heavy Machine Gun
Construct Medical Station
Infantry Support Center
Selects Assault Carriers
M3 Assault Carrier
M3 Assault Carrier
M3 Assault Carrier
M1919 Machine Gun Team
Selects Exchangeable Parts
Skeng.Tecnica.International
PaNiC
Saueee
Banillo
0
0
Comments
sign in to comment!
No comments posted yet!